Map: 데이터-C

Players

TIME (Oliveira)

  • Race: Terran Terran
  • Spawn Location: 9:00

Ryung - Winner!

  • Race: Terran Terran
  • Spawn Location: 3:00

Event: DreamHack SC2 Masters 2022 Atlanta (Offline)

VOD

Have the link to the VOD?

Description

Time

  • Played on: Nov. 18, 2022, 6:21 p.m.
  • Length: 15:49

All games in this series

Show
View Real Time Build Order
Export as new Build Order

TIME Terran 

Build Orders:  

Get SALT Encoding   

  12  0:00  SCV  
  13  0:12  SCV  
  14  0:17  Supply Depot  
  14  0:24  SCV  
  15  0:38  SCV  
  15  0:41  Barracks  
  16  0:43  Refinery  
  16  0:50  SCV  
  16  0:55  Refinery  
  17  1:02  SCV  
  18  1:15  SCV  
  19  1:28  Reaper, Orbital Command  
  20  1:34  Supply Depot  
  20  1:42  Factory  
  20  1:55  SCV  
  20  2:00  Reaper  
  22  2:07  SCV  
  23  2:17  Command Center  
  23  2:19  SCV  
  24  2:27  Hellion  
  26  2:31  SCV  
  26  2:32  Reaper  
  26  2:35  Supply Depot  
  28  2:44  SCV  
  28  2:48  Hellion  
  31  2:52  Starport  
  31  2:57  SCV  
  32  3:06  Barracks Reactor  
  32  3:09  SCV  
  32  3:11  Factory Tech Lab  
  33  3:15  Refinery  
  33  3:21  SCV  
  34  3:29  Starport Tech Lab  
  34  3:30  Cyclone, Orbital Command  
  34  3:33  SCV  
  38  3:42  Marine  
  38  3:43  Marine  
  38  3:45  SCV  
  41  3:56  SCV, Raven  
  41  3:57  SCV  
  41  3:59  Supply Depot  
  45  4:06  Marine x2  
  45  4:08  Cyclone  
  45  4:09  SCV x2  
  52  4:21  SCV x2  
  52  4:22  Mag-Field Accelerator  
  54  4:29  Command Center  
  55  4:34  SCV  
  55  4:35  SCV  
  55  4:37  Supply Depot  
  56  4:41  Marine  
  57  4:46  Raven  
  57  4:48  SCV  
  57  4:49  SCV  
  61  4:53  Refinery, Marine  
  61  4:59  Cyclone  
  65  5:02  Supply Depot, Marine  
  65  5:03  SCV x2  
  68  5:10  Marine  
  67  5:15  SCV x2  
  67  5:20  Marine  
  69  5:25  Supply Depot  
  69  5:27  SCV  
  68  5:29  Raven  
  68  5:30  Barracks  
  68  5:31  SCV  
  68  5:32  Barracks  
  68  5:35  Siege Tank  
  74  5:38  Marine x2  
  74  5:40  SCV  
  74  5:42  Orbital Command  
  77  5:43  SCV  
  78  5:51  Engineering Bay x2  
  78  5:53  SCV  
  78  5:55  SCV  
  80  6:00  Marine x2  
  80  6:03  Supply Depot  
  82  6:05  SCV, Orbital Command  
  82  6:10  Siege Tank  
  86  6:12  SCV  
  86  6:17  SCV  
  86  6:18  Marine  
  89  6:19  Terran Infantry Armor Level 1, Terran Infantry Weapons Level 1  
  89  6:21  Starport Reactor  
  89  6:25  Barracks Tech Lab  
  89  6:29  Supply Depot  
  89  6:30  SCV x2  
  89  6:32  SCV  
  92  6:33  Stimpack  
  92  6:40  Barracks, Marine x2  
  92  6:41  Barracks, Marine  
  92  6:42  SCV x2  
  92  6:44  SCV  
  92  6:45  Combat Shield, Marine  
  99  6:51  Refinery x2  
  99  6:54  Supply Depot, SCV x2  
  99  6:56  Siege Tank  
  99  6:57  SCV  
  99  7:01  Supply Depot, Marine x2  
  103  7:02  Marine  
  103  7:06  SCV  
  107  7:12  Marine  
  107  7:14  SCV, Medivac x2  
  107  7:15  SCV  
  114  7:19  Supply Depot  
  114  7:20  SCV  
  115  7:23  Supply Depot  
  115  7:24  Marine x2  
  117  7:30  SCV x2  
  117  7:32  Barracks Reactor x2  
  117  7:35  SCV, Command Center  
  117  7:36  Armory  
  120  7:37  Marine  
  120  7:41  Marine  
  120  7:42  SCV, Siege Tank  
  120  7:43  SCV  
  127  7:48  Medivac, Factory  
  127  7:50  SCV  
  127  7:51  Marine  
  130  7:55  Marine x2  
  129  8:02  Marine  
  117  8:07  Marine  
  117  8:09  Marine x2  
  111  8:12  Marine  
  111  8:13  Marine x3  
  89  8:20  Siege Tank, Marine  
  89  8:21  SCV x2  
  89  8:24  Medivac x2  
  89  8:25  SCV, Marine  
  89  8:26  Marine  
  99  8:27  Marine  
  99  8:30  Marine x3  
  99  8:31  Terran Infantry Weapons Level 2, Marine  
  105  8:35  Terran Infantry Armor Level 2  
  104  8:42  Marine  
  104  8:45  Marine  
  104  8:47  SCV  
  101  8:51  Marine  
  101  8:53  Marine  
  100  8:56  Missile Turret, Marine  
  100  8:57  Marine  
  100  8:58  Siege Tank  
  100  8:59  SCV x2  
  100  9:00  Factory Tech Lab  
  100  9:01  SCV, Marine  
  109  9:07  Marine x3  
  112  9:12  Marine  
  112  9:15  Sensor Tower  
  95  9:18  Marine  
  95  9:20  Marine x2  
  95  9:21  Marine  
  95  9:22  SCV  
  95  9:23  SCV  
  95  9:24  SCV  
  100  9:26  Planetary Fortress  
  100  9:28  Marine  
  100  9:32  Marine  
  100  9:34  Marine  
  100  9:35  SCV, Siege Tank  
  100  9:37  SCV  
  107  9:39  SCV  
  107  9:40  Marine x2  
  107  9:41  Marine  
  107  9:42  Marine  
  107  9:43  Barracks Reactor  
  112  9:46  Medivac, Marine  
  112  9:47  SCV  
  112  9:49  SCV  
  112  9:51  Marine  
  112  9:52  SCV, Marine  
  120  9:58  Marine x2  
  120  9:59  SCV, Siege Tank, Marine x2  
  127  10:01  SCV  
  127  10:04  Supply Depot, Marine  
  127  10:05  SCV, Medivac  
  127  10:06  SCV  
  134  10:09  Terran Vehicle Weapons Level 1, Marine  
  134  10:10  Missile Turret, Marine  
  134  10:11  SCV  
  134  10:13  SCV  
  138  10:15  Marine  
  138  10:16  Siege Tank, Marine  
  138  10:17  SCV, Marine x2  
  138  10:19  Medivac  
  138  10:20  SCV  
  149  10:24  Marine  
  149  10:28  Marine x2  
  150  10:30  SCV x2  
  150  10:32  Marine x2  
  150  10:33  Marine  
  150  10:35  Siege Tank  
  160  10:38  Marine  
  160  10:40  Marine x2  
  163  10:44  Supply Depot, Marine  
  163  10:45  Supply Depot, Refinery x2, Starport  
  163  10:46  Starport  
  163  10:49  Supply Depot, Marine x2  
  166  10:51  Marine  
  166  10:52  Viking  
  166  10:53  Marine x2  
  171  10:57  Marine  
  171  11:03  Marine  
  172  11:05  Missile Turret  
  172  11:06  Viking, Siege Tank  
  172  11:11  Command Center  
  177  11:14  Marine x3  
  177  11:15  Sensor Tower  
  177  11:16  Supply Depot, Marine  
  177  11:17  Marine  
  177  11:18  Marine  
  183  11:20  Marine x2  
  183  11:22  Marine  
  183  11:24  Starport Reactor  
  185  11:26  Corvid Reactor  
  185  11:32  Marine x2  
  187  11:34  Siege Tank  
  187  11:35  Marine  
  190  11:46  Marine  
  142  11:48  Marine  
  142  11:49  Marine x3  
  142  11:51  Siege Tank  
  142  11:53  Marine x2  
  131  11:54  Viking x2  
  131  11:55  Raven, Marine  
  137  12:04  Marine  
  137  12:08  Marine x3  
  136  12:09  Siege Tank  
  136  12:13  Marine x2  
  143  12:16  Viking x2  
  143  12:19  Marine  
  143  12:22  Marine x3  
  151  12:24  Siege Tank  
  151  12:25  Viking x2  
  151  12:29  Terran Infantry Weapons Level 3, Terran Infantry Armor Level 3  
  157  12:30  Marine  
  157  12:32  Marine  
  159  12:39  Marine  
  159  12:40  Raven  
  162  12:44  Marine x2  
  162  12:47  Siege Tank  
  162  12:48  Marine  
  162  12:51  Viking x2  
  161  12:53  SCV, Marine  
  161  12:55  Terran Vehicle Weapons Level 2  
  161  12:56  Marine x2  
  167  13:01  Marine  
  167  13:02  Siege Tank  
  171  13:06  Marine x2  
  171  13:10  Marine x2  
  175  13:18  Planetary Fortress  
  160  13:21  Marine x2  
  160  13:22  Marine x2  
  162  13:29  Marine x2  
  162  13:30  Raven  
  162  13:31  Marine x2  
  162  13:32  Siege Tank, Marine  
  164  13:34  Viking  
  164  13:37  SCV x3  
  164  13:39  Marine x3  
  164  13:40  Siege Tank, Marine  
  164  13:41  Viking x2  
  179  13:42  SCV  
  179  13:49  Marine x2  
  180  13:56  Marine  
  180  14:00  Supply Depot  
  180  14:01  Supply Depot, Command Center, Marine  
  180  14:05  Marine x2  
  180  14:06  Marine  
  180  14:09  Marine  
  164  14:10  Marine x2  
  164  14:11  Siege Tank  
  164  14:15  Marine  
  164  14:16  Marine  
  158  14:19  Marine  
  158  14:21  Siege Tank  
  158  14:22  Marine  
  158  14:23  Marine  
  158  14:24  Medivac x2  
  156  14:25  Raven, Marine  
  156  14:26  Marine  
  156  14:30  Marine  
  151  14:33  Marine x2  
  151  14:34  Marine  
  151  14:37  Marine  
  150  14:40  Marine  
  150  14:42  Marine  
  152  14:46  Marine  
  152  14:47  Marine  
  154  14:53  Marine  
  154  14:54  Marine x2  
  146  15:03  Marine  
  146  15:05  Marine  
  146  15:06  Marine  
  125  15:10  Marine x2  
  125  15:12  Marine x2  
  125  15:13  Siege Tank  
  125  15:15  Siege Tank  
  125  15:19  Marine x2  
  130  15:24  Marine  
  130  15:25  Marine  
  130  15:27  Marine  
Show
View Real Time Build Order
Export as new Build Order

Ryung Terran - Winner!

Build Orders:  

Get SALT Encoding   

  12  0:00  SCV  
  13  0:12  SCV  
  14  0:17  Supply Depot  
  14  0:24  SCV  
  15  0:38  SCV  
  15  0:40  Barracks  
  16  0:43  Refinery  
  16  0:50  SCV  
  16  0:53  Refinery  
  17  1:03  SCV  
  18  1:15  SCV  
  19  1:26  Reaper  
  19  1:27  Orbital Command  
  19  1:32  Supply Depot  
  20  1:44  Factory  
  20  1:53  SCV  
  21  1:59  Reaper  
  22  2:05  SCV  
  23  2:17  SCV  
  24  2:23  Command Center  
  24  2:28  Hellion  
  26  2:31  SCV  
  26  2:34  Barracks Reactor  
  27  2:40  Supply Depot  
  27  2:43  SCV  
  28  2:49  Widow Mine  
  30  2:55  SCV  
  30  2:57  Starport  
  31  3:07  SCV  
  31  3:11  Factory Tech Lab, Marine x2  
  34  3:19  Refinery, SCV  
  35  3:31  SCV  
  36  3:34  Marine x2  
  36  3:36  Orbital Command  
  36  3:37  Factory Tech Lab  
  36  3:39  Medivac  
  40  3:43  SCV  
  41  3:55  SCV  
  41  3:56  Cyclone, Marine x2  
  41  4:02  SCV  
  48  4:08  Supply Depot, SCV  
  49  4:14  Raven  
  49  4:16  SCV  
  52  4:20  SCV  
  52  4:22  Supply Depot  
  53  4:27  Marine  
  53  4:29  Marine  
  53  4:30  SCV, Siege Tank  
  59  4:32  SCV  
  60  4:42  SCV  
  60  4:44  SCV  
  62  4:49  Supply Depot  
  62  4:54  SCV  
  62  4:56  Command Center, SCV  
  64  5:00  Raven  
  64  5:02  Siege Tank  
  64  5:06  SCV  
  70  5:11  SCV  
  71  5:14  Supply Depot  
  71  5:17  Marine x2  
  71  5:18  SCV  
  72  5:23  SCV  
  72  5:26  Refinery  
  72  5:30  SCV  
  72  5:34  Siege Tank  
  77  5:35  SCV  
  77  5:37  Supply Depot  
  77  5:42  SCV  
  77  5:47  SCV  
  77  5:49  Barracks x2  
  79  5:50  Viking  
  79  5:51  Viking, Stimpack  
  79  5:55  SCV, Marine  
  85  5:59  SCV  
  85  6:03  Engineering Bay  
  86  6:04  Engineering Bay  
  86  6:11  SCV  
  86  6:12  Orbital Command  
  86  6:13  Siege Tank  
  86  6:15  Marine  
  89  6:18  SCV  
  89  6:22  Viking  
  89  6:23  SCV  
  93  6:26  Viking  
  95  6:33  Terran Infantry Armor Level 1, Terran Infantry Weapons Level 1  
  95  6:36  SCV x2  
  95  6:38  Barracks Reactor  
  95  6:39  Barracks Reactor  
  97  6:41  SCV  
  98  6:48  SCV x2  
  98  6:49  Supply Depot  
  98  6:51  Supply Depot  
  100  6:54  Siege Tank  
  100  6:59  Viking  
  105  7:02  SCV x3  
  105  7:05  Refinery  
  105  7:06  Refinery  
  108  7:10  Viking  
  108  7:14  SCV x3  
  110  7:15  Marine x2  
  110  7:16  Marine  
  110  7:19  Supply Depot  
  110  7:20  Marine x2  
  110  7:21  Supply Depot  
  115  7:27  SCV x2  
  115  7:28  SCV  
  118  7:32  Combat Shield  
  118  7:33  Marine x3  
  118  7:34  Medivac  
  122  7:39  Barracks  
  122  7:40  Barracks, Medivac  
  122  7:41  Marine  
  122  7:42  Marine  
  126  7:44  SCV  
  126  7:45  Armory  
  126  7:48  SCV x2  
  129  7:52  Marine x3  
  131  7:59  Marine x2  
  131  8:05  Siege Tank  
  124  8:08  SCV x2  
  124  8:09  Marine  
  124  8:10  Medivac, Marine x2  
  123  8:17  Marine x2  
  113  8:21  Medivac  
  113  8:25  SCV x2  
  117  8:27  Marine x2  
  117  8:28  Marine  
  117  8:31  Barracks Reactor x2  
  117  8:33  Terran Infantry Armor Level 2  
  120  8:35  Marine x2  
  120  8:36  Command Center  
  120  8:45  Marine x3  
  120  8:47  Terran Infantry Weapons Level 2  
  107  8:53  Marine  
  109  8:58  Siege Tank  
  109  8:59  Medivac x2  
  116  9:03  Marine x3  
  116  9:05  Sensor Tower  
  116  9:07  Marine x2  
  116  9:08  Marine x2  
  123  9:10  Marine  
  119  9:21  Marine x3  
  116  9:25  Factory, Marine x2  
  116  9:26  Marine x2  
  116  9:28  Viking, Marine  
  116  9:29  Viking  
  116  9:30  Siege Tank  
  128  9:33  SCV x2  
  128  9:34  SCV  
  131  9:39  Marine x3  
  131  9:40  Missile Turret  
  131  9:42  Barracks Reactor, Marine  
  131  9:43  Marine x2  
  131  9:44  Marine  
  138  9:46  Marine  
  139  9:53  Planetary Fortress  
  139  9:56  Marine x2  
  139  9:57  Marine  
  142  10:00  Marine x2  
  142  10:01  Marine  
  142  10:02  Marine  
  142  10:04  Marine  
  142  10:05  Viking x2  
  142  10:06  Siege Tank  
  154  10:08  Sensor Tower  
  154  10:11  Supply Depot  
  154  10:12  Supply Depot  
  154  10:14  Supply Depot, Marine x2  
  154  10:15  Marine  
  154  10:18  Marine  
  156  10:26  Marine  
  156  10:27  Marine x3  
  156  10:28  Siege Tank, Marine x2  
  160  10:32  Marine  
  160  10:33  Refinery  
  160  10:34  Supply Depot, Refinery  
  160  10:35  Supply Depot x2, Viking x2  
  165  10:36  Marine x2  
  165  10:37  Marine  
  165  10:38  Siege Tank  
  171  10:44  Marine  
  171  10:45  Marine x2  
  171  10:47  Terran Vehicle Weapons Level 1  
  171  10:48  Starport  
  171  10:49  Marine, Starport  
  174  10:50  Marine x3  
  174  10:52  SCV x2  
  174  10:53  SCV  
  174  10:54  Marine x3  
  184  11:01  Siege Tank  
  184  11:02  Marine x2  
  190  11:04  SCV  
  190  11:06  Terran Infantry Weapons Level 3  
  190  11:10  Siege Tank  
  193  11:13  Command Center  
  193  11:21  Terran Infantry Armor Level 3  
  193  11:25  Starport Tech Lab x2  
  193  11:26  Missile Turret  
  193  11:27  Marine x6  
  193  11:29  Marine  
  193  11:31  Marine  
  200  11:43  Marine x2  
  200  11:46  Marine x6  
  185  11:47  Marine  
  185  11:49  Marine  
  181  12:01  Marine x2  
  183  12:03  Marine x2  
  183  12:04  Marine x4  
  183  12:05  Marine  
  183  12:07  Marine  
  183  12:08  Liberator x2  
  187  12:09  Raven x2  
  194  12:16  Siege Tank x2  
  200  12:36  Corvid Reactor  
  200  12:39  Barracks  
  200  12:41  Starport x2  
  200  12:42  Barracks  
  200  12:43  Barracks  
  200  12:51  Refinery  
  200  12:59  Terran Vehicle Weapons Level 2  
  200  13:08  Refinery  
  200  13:11  Planetary Fortress  
  200  13:15  Missile Turret  
  200  13:16  Command Center, Missile Turret  
  200  13:17  Command Center  
  200  13:26  Command Center  
  196  13:27  Marine x2  
  196  13:29  Viking, Raven x2  
  189  13:41  Starport Reactor, Starport Tech Lab  
  189  13:45  Armory  
  189  13:47  Command Center  
  186  14:05  Raven  
  178  14:10  Marine x3  
  178  14:11  Marine  
  178  14:12  Raven  
  178  14:13  Marine  
  178  14:14  Marine  
  184  14:18  Raven  
  172  14:24  Marine x3  
  172  14:29  Marine x2  
  172  14:30  Marine x3  
  170  14:31  Viking x2  
  170  14:34  Viking  
  172  14:40  Planetary Fortress  
  172  14:42  Orbital Command x2  
  172  14:43  Barracks Reactor x2  
  171  14:48  Command Center, Raven  
  173  14:53  Marine x2  
  173  14:55  Raven, Siege Tank x2  
  180  15:00  Raven  
  180  15:04  Marine x4  
  180  15:07  Marine x5  
  176  15:11  Marine x2  
  176  15:12  Viking x2  
  168  15:17  Viking x2  
  172  15:22  Marine x4  
  172  15:24  Marine x4  
  172  15:25  Marine  
  172  15:28  Marine x5  
  176  15:29  Marine  
Tags
 
Add a new tag
Caveats
  • Supply blocks, unpowered buildings, or Contaminate may cause inaccurate times.
  • Supply counts are checked every 10 seconds.